 Dungeon Crawl Stone Soup version 0.30-a0-756-gc2185399d4 (webtiles) character file.

Game seed: 4576472848581651597

60 Dirtsage the Slasher (level 4, -4/33 HPs)
             Began as a Merfolk Gladiator on Feb 9, 2023.
             Slain by an iguana (9 damage)
             ... on level 3 of the Dungeon.
             The game lasted 00:02:54 (2017 turns).

Dirtsage the Slasher (Merfolk Gladiator)            Turns: 2017, Time: 00:02:54

Health: -4/33      AC:  5    Str: 14    XL:     4   Next: 4%
Magic:  4/4        EV: 13    Int:  7    God:
Gold:   107        SH:  0    Dex: 17    Spells: 3/3 levels left

rFire   + . .      SeeInvis .    a - +0 long sword
rCold   . . .      Faith    .    (no shield)
rNeg    . . .      Spirit   .    b - +0 leather armour
rPois   .          Reflect  .    c - +0 helmet
rElec   .          Harm     .    l - +0 cloak
rCorr   .          Rampage  .    (no gloves)
Will    .....                    (no boots)
Stlth   +                        (no amulet)
HPRegen 0.25/turn                F - ring of protection from fire
MPRegen 0.09/turn                (no ring)

@: no status effects
A: (nimble swimmer 2), mertail
a: no special abilities


You were on level 3 of the Dungeon.
You visited 1 branch of the dungeon, and saw 3 of its levels.

You collected 107 gold pieces.

Inventory:

Hand Weapons
 a - a +0 long sword (weapon)
Missiles
 d - 3 throwing nets (quivered)
 e - a javelin
Armour
 b - a +0 leather armour (worn)
 c - a +0 helmet (worn)
 l - a +0 cloak (worn)
Jewellery
 F - a ring of protection from fire (left hand)
Scrolls
 g - 4 scrolls of identify {unknown}
 h - 5 scrolls of magic mapping {unknown}
 j - 3 scrolls of blinking {unknown}
 n - a scroll of amnesia {unknown}
 p - a scroll of enchant weapon {unknown}
Potions
 f - 4 potions of heal wounds {unknown}
 i - a potion of haste {unknown}
 k - 2 potions of lignification {unknown}
 m - a potion of flight {unknown}
 o - a potion of degeneration {unknown}


   Skills:
 - Level 2.1 Fighting
 + Level 5.8 Long Blades
 - Level 2.0 Throwing
 - Level 4.0 Dodging


You had 3 spell levels left.
You didn't know any spells.
Your spell library contained the following spells:

 Spells                   Type           Power      Damage    Failure   Level
 Portal Projectile        Hex/Tloc       0%         N/A       87%         3
 Tukima's Dance           Hex            0%         N/A       87%         3
 Blade Hands              Tmut           0%         N/A       100%        5


Dungeon Overview and Level Annotations

Branches:
Dungeon (3/15)

Altars:


Innate Abilities, Weirdness & Mutations

((You are very nimble when in or above water. (Stealth+, EV+, Speed+++)))
Your lower body shifts to a powerful aquatic tail in water.


Message History

There is an open door here.
You slash the rat!
You kill the rat!
No target in view!
No target in view!
An iguana comes into view.
The iguana barely misses you.
You slash the iguana!
The iguana is heavily wounded.
The iguana bites you but does no damage.
You hit the iguana.
The iguana is heavily wounded.
The iguana bites you!
You take 11 damage, and have 22/33 hp.
MASSIVE DAMAGE!!
You are too injured to fight recklessly!
You are too injured to fight recklessly!
You are too injured to fight recklessly!
You hit the iguana but do no damage.
The iguana is heavily wounded.
The iguana bites you.
You take 5 damage, and have 17/33 hp.
You hit the iguana.
The iguana is almost dead.
The iguana bites you!
* * * LOW HITPOINT WARNING * * *
You take 10 damage, and have 7/33 hp.
MASSIVE DAMAGE!!
You closely miss the iguana.
The iguana is almost dead.
The iguana bites you.
* * * LOW HITPOINT WARNING * * *
You take 1 damage, and have 6/33 hp.
You barely miss the iguana.
The iguana is almost dead.
The iguana bites you.
* * * LOW HITPOINT WARNING * * *
You take 1 damage, and have 5/33 hp.
You barely miss the iguana.
The iguana is almost dead.
The iguana bites you!
You die...

## .# .# .# .# .# ##
##++ ###l# #####. ...
#!@.# #.....##.#
#...### #........#
##.....#
#........###...♣♣..#
#........#.'...♣ ...#
#........#.#..........
#.........#.....#....
#.....#####.....# ...
+.....# #.....#


You could see an iguana.

Vanquished Creatures
  4 ball pythons
  5 bats
  5 endoplasms (D:1)
  5 giant cockroaches (D:1)
  2 goblins
  5 hobgoblins
  10 jackals (D:1)
  5 frilled lizards
  4 kobolds
  9 rats
54 creatures vanquished.

Vanquished Creatures (others)
  2 plants (D:3)
2 creatures vanquished.

Grand Total: 56 creatures vanquished

Notes
Turn   | Place    | Note
-------+----------+-------------------------------------------
     0 | D:1      | Dirtsage the Merfolk Gladiator began the quest for the Orb.
     0 | D:1      | Reached XP level 1. HP: 16/16 MP: 1/1
     3 | D:1      | Found a runed translucent door.
   242 | D:1      | Reached skill level 4 in Long Blades
   261 | D:1      | Reached XP level 2. HP: 7/22 MP: 2/2
   452 | D:1      | Reached XP level 3. HP: 27/27 MP: 3/3
   490 | D:1      | Reached skill level 5 in Long Blades
  1356 | D:2      | Reached XP level 4. HP: 33/33 MP: 4/4
  2017 | D:3      | Slain by an iguana

Illustrated notes

Levels and vault maps discovered:
D:1:      dpeg_arrival_caged_fury, layout_loops_ring
D:2:      minmay_alternating_diamond, layout_basic
D:3:      layout_basic, serial_shops, shop,
          shapermc_ecumenical_altar_mp_ritualfount, chequers_mini_garden,
          kennysheep_generic_room_4, uniq_crazy_yiuf_cottage

Skill      XL: |  1  2  3 |
---------------+----------+-----
Long Blades    | 4 5 |  5.8
Fighting       | |  2.1
Throwing       | |  2.0
Dodging        | |  4.0

Action                     |  1- 3 |  4- 6 || total
---------------------------+-------+-------++-------
  Melee: Long sword        |   141 |    18 ||   159
         Punch             |     1 |       ||     1
 Armour: Leather armour    |    40 |     3 ||    43
  Dodge: Dodged            |   132 |     9 ||   141

Table legend: (Time is in decaauts)
 A = Elapsed time spent in this place.
 B = Non-inter-level travel time spent in this place.
 C = Inter-level travel time spent in this place.
 D = Time resting spent in this place.
 E = Time spent auto-exploring this place.
 F = Levels seen in this place.
 G = Mean time per level.
                   A        B        C        D        E       F      G
               +--------+--------+--------+--------+--------+-----+--------+
         Total |   2040 |   1984 |     56 |    121 |   1525 |   3 |  680.0 |
       Dungeon |   2040 |   1984 |     56 |    121 |   1525 |   3 |  680.0 |
               +--------+--------+--------+--------+--------+-----+--------+

Top non-repeatable levels by time:
     D:1: 1013 daAuts
     D:2: 966 daAuts
     D:3: 60 daAuts
